SKY
SAN DIEGO PADRES @ TORONTO BLUE JAYS
07/13/2052
 
TOP OF THE 1ST
San Diego Padres batting - Pitching for Toronto Blue Jays : RHP Hugo Paulino
Pitching: RHP Hugo Paulino
Batting: RHB Silvio Sevilla 0-0: Ball
1-0: Bunt for hit to 15 - play at first, batter safe!
Batting: RHB Des Galindo 0-0: Foul Ball, location: 23FF
0-1: Ball
1-1: Bunt missed!
1-2: Foul Ball, location: 2F
1-2: Foul Ball, location: 2F
1-2: Ground out 4-3 (Groundball, 4, EV 100.6 MPH)
Silvio Sevilla to second
Batting: LHB Lester Flores 0-0: Foul Ball, location: 2F
0-1: Ball
1-1: Foul Ball, location: 23FF
1-2: Foul Ball, location: 3SF
1-2: Foul Ball, location: 3DF
1-2: Foul Ball, location: 5F
1-2: Ball
2-2: Ball
3-2: Foul Ball, location: 9LDF
3-2: Ground out 4-3 (Groundball, 4D, EV 96.3 MPH)
Silvio Sevilla to third
Batting: RHB Timo Mestaz 0-0: Ball
1-0: Ball
2-0: Ball
3-0: Foul Ball, location: 23F
3-1: Base on Balls
Batting: SHB Dexter Greer 0-0: Ball
1-0: Ground out 4-3 (Groundball, 4, EV 83.8 MPH)
Top of the 1st over - 0 runs, 1 hit, 0 errors, 2 left on base; San Diego 0 - Toronto 0
BOTTOM OF THE 1ST
Toronto Blue Jays batting - Pitching for San Diego Padres : RHP Ethan Lyon
Pitching: RHP Ethan Lyon
Batting: LHB Connor Thomas 0-0: Ball
1-0: SINGLE (Flyball, 8LS, EV 100.0 MPH)
Batting: RHB Mike Asawawong 0-0: Ball
1-0: Fielders Choice at 2nd, 5-4 (Groundball, 5, EV 82.5 MPH)
Batting: LHB Jackson Kilsdonk 0-0: Ball
1-0: Ball
2-0: 2-RUN HOME RUN (Flyball, 78XD, EV 99.4 MPH), Distance : 400 ft
Batting: RHB Jayden Bice 0-0: Called Strike
0-1: Called Strike
0-2: Foul Ball, location: 2F
0-2: Foul Ball, location: 9LSF
0-2: Ball
1-2: Strikes out swinging
Batting: RHB Atlas Alvarado 0-0: Foul Ball, location: 2RF
0-1: Called Strike
0-2: Ball
1-2: Ball
2-2: Foul Ball, location: 9LDF
2-2: Ball
3-2: Fly out, F7 (Flyball, 7, EV 85.6 MPH)
Bottom of the 1st over - 2 runs, 2 hits, 0 errors, 0 left on base; San Diego 0 - Toronto 2
TOP OF THE 2ND
San Diego Padres batting - Pitching for Toronto Blue Jays : RHP Hugo Paulino
Batting: RHB Trinidad Apodaca 0-0: Called Strike
0-1: Foul Ball, location: 2F
0-2: Foul Ball, location: 2F
0-2: Ground out 6-3 (Groundball, 56, EV 85.0 MPH)
Batting: RHB Donny Nuvolari 0-0: Foul Ball, location: 2F
0-1: SINGLE (Line Drive, 7S, EV 98.1 MPH)
Batting: LHB Flávio Chacon 0-0: Ball
1-0: Called Strike
1-1: Swinging Strike
1-2: Ball
2-2: Foul Ball, location: 7LSF
2-2: Fly out, F9 (Flyball, 9D, EV 96.9 MPH)
Batting: RHB Rudy Hughes 0-0: Ball
1-0: Called Strike
1-1: Foul Ball, location: 2F
1-2: DOUBLE (Line Drive, 78D, EV 102.5 MPH)
Donny Nuvolari to third
Runner from 3rd tries for Home, SAFE, throw by LF to home
Batting: RHB Silvio Sevilla 0-0: Fly out, F9 (Flyball, 9, EV 79.4 MPH)
Top of the 2nd over - 1 run, 2 hits, 0 errors, 1 left on base; San Diego 1 - Toronto 2
BOTTOM OF THE 2ND
Toronto Blue Jays batting - Pitching for San Diego Padres : RHP Ethan Lyon
Batting: LHB Gael Villarreal 0-0: Ball
1-0: SINGLE (Line Drive, 7S, EV 90.0 MPH)
Batting: RHB Ernie Brox 0-0: Sac Bunt to 23 - play at first, batter OUT! 3-4
Gael Villarreal to second
Batting: SHB Mendy Pérez 0-0: Ball
1-0: DOUBLE (Line Drive, 9LD, EV 101.9 MPH)
Gael Villarreal scores
Batting: RHB Fadil Ring 0-0: Fly out, F6 (Line Drive, 6D, EV 68.8 MPH)
Batting: LHB Connor Thomas 0-0: Called Strike
0-1: Ground out 4-3 (Groundball, 4D, EV 107.5 MPH)
Bottom of the 2nd over - 1 run, 2 hits, 0 errors, 1 left on base; San Diego 1 - Toronto 3
TOP OF THE 3RD
San Diego Padres batting - Pitching for Toronto Blue Jays : RHP Hugo Paulino
Batting: RHB Des Galindo 0-0: Bunt for hit to 2L - play at first, batter OUT! 2-3
Batting: LHB Lester Flores 0-0: Ground out 4-3 (Groundball, 4, EV 88.1 MPH)
Batting: RHB Timo Mestaz 0-0: Ball
1-0: Ball
2-0: Ball
3-0: Called Strike
3-1: Ground out 5-3 (Groundball, 5S, EV 75.6 MPH)
Top of the 3rd over - 0 runs, 0 hits, 0 errors, 0 left on base; San Diego 1 - Toronto 3
BOTTOM OF THE 3RD
Toronto Blue Jays batting - Pitching for San Diego Padres : RHP Ethan Lyon
Batting: RHB Mike Asawawong 0-0: Called Strike
0-1: Foul Ball, location: 25F
0-2: Ground out 5-3 (Groundball, 56, EV 85.0 MPH)
Batting: LHB Jackson Kilsdonk 0-0: Called Strike
0-1: Ball
1-1: Foul Ball, location: 2F
1-2: Ball
2-2: Fly out, F6 (Popup, 6S, EV 65.0 MPH)
Batting: RHB Jayden Bice 0-0: Called Strike
0-1: Ball
1-1: Ball
2-1: Called Strike
2-2: Strikes out looking
Bottom of the 3rd over - 0 runs, 0 hits, 0 errors, 0 left on base; San Diego 1 - Toronto 3
TOP OF THE 4TH
San Diego Padres batting - Pitching for Toronto Blue Jays : RHP Hugo Paulino
Batting: SHB Dexter Greer 0-0: Called Strike
0-1: Foul Ball, location: 2F
0-2: Foul Ball, location: 2F
0-2: Ball
1-2: Strikes out swinging
Batting: RHB Trinidad Apodaca 0-0: Called Strike
0-1: Ball
1-1: Ball
2-1: Foul Ball, location: 9LDF
2-2: Foul Ball, location: 25F
2-2: Fly out, F8 (Flyball, 78XD, EV 104.4 MPH)
Batting: RHB Donny Nuvolari 0-0: Foul Ball, location: 9LSF
0-1: Ball
1-1: Ball
2-1: Called Strike
2-2: Ball
3-2: Fly out, F8 (Flyball, 89D, EV 95.0 MPH)
Top of the 4th over - 0 runs, 0 hits, 0 errors, 0 left on base; San Diego 1 - Toronto 3
BOTTOM OF THE 4TH
Toronto Blue Jays batting - Pitching for San Diego Padres : RHP Ethan Lyon
Batting: RHB Atlas Alvarado 0-0: Foul Ball, location: 2RF
0-1: SINGLE (Groundball, 4S, EV 69.4 MPH) (infield hit)
Batting: LHB Gael Villarreal 0-0: Ball
1-0: Fielders Choice at 2nd, 5-4 (Groundball, 56S, EV 90.6 MPH)
Batting: RHB Ernie Brox 0-0: Foul Ball, location: 2F
0-1: Ball
1-1: Called Strike
Gael Villarreal is caught stealing 2nd base 2-4
1-2: Foul Ball, location: 5FF
1-2: Fly out, F9 (Line Drive, 9LM, EV 97.5 MPH)
Bottom of the 4th over - 0 runs, 1 hit, 0 errors, 0 left on base; San Diego 1 - Toronto 3
TOP OF THE 5TH
San Diego Padres batting - Pitching for Toronto Blue Jays : RHP Hugo Paulino
Batting: LHB Flávio Chacon 0-0: Foul Ball, location: 7LSF
0-1: Ball
1-1: Ground out 4-3 (Groundball, 4, EV 101.9 MPH)
Batting: RHB Rudy Hughes 0-0: Ball
1-0: Ground out 4-3 (Groundball, 4S, EV 71.3 MPH)
Batting: RHB Silvio Sevilla 0-0: Foul Ball, location: 2F
0-1: Called Strike
0-2: Ball
1-2: Strikes out swinging
Top of the 5th over - 0 runs, 0 hits, 0 errors, 0 left on base; San Diego 1 - Toronto 3
BOTTOM OF THE 5TH
Toronto Blue Jays batting - Pitching for San Diego Padres : RHP Ethan Lyon
Batting: SHB Mendy Pérez 0-0: Called Strike
0-1: Ball
1-1: Hit by Pitch
Batting: RHB Fadil Ring 0-0: Called Strike
0-1: Sac Bunt to 15S - play at first, batter OUT! 1-3
Mendy Pérez to second
Batting: LHB Connor Thomas 0-0: Fly out, F9 (Flyball, 9, EV 76.3 MPH)
Batting: RHB Mike Asawawong 0-0: Called Strike
0-1: Called Strike
0-2: Ball
1-2: Ball
2-2: Strikes out swinging
Bottom of the 5th over - 0 runs, 0 hits, 0 errors, 1 left on base; San Diego 1 - Toronto 3
TOP OF THE 6TH
San Diego Padres batting - Pitching for Toronto Blue Jays : RHP Hugo Paulino
Batting: RHB Des Galindo 0-0: Swinging Strike
0-1: Swinging Strike
0-2: Ball
1-2: Strikes out swinging
Batting: LHB Lester Flores 0-0: Called Strike
0-1: Foul Ball, location: 2F
0-2: Strikes out swinging
Batting: RHB Timo Mestaz 0-0: Called Strike
0-1: SINGLE (Groundball, 6MD, EV 105.6 MPH) (infield hit)
Batting: SHB Dexter Greer 0-0: Ball
1-0: Fly out, F8 (Flyball, 8LD, EV 106.3 MPH)
Top of the 6th over - 0 runs, 1 hit, 0 errors, 1 left on base; San Diego 1 - Toronto 3
BOTTOM OF THE 6TH
Toronto Blue Jays batting - Pitching for San Diego Padres : RHP Ethan Lyon
Batting: LHB Jackson Kilsdonk 0-0: Called Strike
0-1: Ball
1-1: Foul Ball, location: 2F
1-2: Fly out, F8 (Flyball, 78D, EV 107.5 MPH)
Batting: RHB Jayden Bice 0-0: Ground out 6-3 (Groundball, 6, EV 81.3 MPH)
Batting: RHB Atlas Alvarado 0-0: Ground out 6-3 (Groundball, 6, EV 95.0 MPH)
Bottom of the 6th over - 0 runs, 0 hits, 0 errors, 0 left on base; San Diego 1 - Toronto 3
TOP OF THE 7TH
San Diego Padres batting - Pitching for Toronto Blue Jays : RHP Hugo Paulino
Batting: RHB Trinidad Apodaca 0-0: Ball
1-0: Called Strike
1-1: Ball
2-1: SINGLE (Groundball, 6S, EV 64.4 MPH) (infield hit)
Batting: RHB Donny Nuvolari 0-0: Ball
1-0: Called Strike
1-1: Ball
2-1: Foul Ball, location: 25F
2-2: SINGLE (Groundball, 6MD, EV 107.5 MPH)
Trinidad Apodaca to second
Runner from 2nd tries for 3rd, SAFE, throw by CF made to third
Batting: LHB Flávio Chacon 0-0: Ball
1-0: Called Strike
1-1: Foul Ball, location: 2F
1-2: Ball
2-2: Strikes out swinging
Pinch Hitting: LHB Neil Smyth 0-0: SINGLE (Groundball, 56D, EV 103.1 MPH) (infield hit)
Trinidad Apodaca scores
Donny Nuvolari to second
Pitching: RHP Alfonzo Jiménez
Batting: RHB Silvio Sevilla 0-0: Ball
1-0: Ball
Donny Nuvolari steals 3rd base
2-0: Ball
3-0: Called Strike
3-1: SINGLE (Groundball, 56, EV 86.9 MPH)
Donny Nuvolari scores
Neil Smyth to second
Batting: RHB Des Galindo 0-0: Ball
1-0: Ball
2-0: Ball
3-0: Foul Ball, location: 3SF
3-1: Foul Ball, location: 9LDF
3-2: Foul Ball, location: 9LMF
3-2: Foul Ball, location: 23F
3-2: Strikes out swinging
Batting: LHB Lester Flores 0-0: Called Strike
0-1: Ball
1-1: Ball
2-1: Foul Ball, location: 7LDF
2-2: Strikes out swinging
Top of the 7th over - 2 runs, 4 hits, 0 errors, 2 left on base; San Diego 3 - Toronto 3
BOTTOM OF THE 7TH
Toronto Blue Jays batting - Pitching for San Diego Padres : RHP Ethan Lyon
Now at SS: Carter Harding
Batting: LHB Gael Villarreal 0-0: Ball
1-0: Foul Ball, location: 2F
1-1: Called Strike
1-2: Ball
2-2: Foul Ball, location: 2F
2-2: Ball
3-2: TRIPLE (Groundball, 3L, EV 109.4 MPH)
Batting: RHB Ernie Brox 0-0: Swinging Strike
0-1: Foul Ball, location: 9LSFF
0-2: Foul Ball, location: 2F
0-2: Fly out, F8 (Flyball, 89S, EV 77.5 MPH)
Batting: SHB Mendy Pérez 0-0: Intentional Walk
Batting: RHB Fadil Ring 0-0: Ground out 5-3 (Groundball, 56S, EV 81.3 MPH)
Mendy Pérez to second
Batting: LHB Connor Thomas 0-0: Ground out 4-3 (Groundball, 4, EV 93.8 MPH)
Bottom of the 7th over - 0 runs, 1 hit, 0 errors, 2 left on base; San Diego 3 - Toronto 3
TOP OF THE 8TH
San Diego Padres batting - Pitching for Toronto Blue Jays : RHP Alfonzo Jiménez
Batting: RHB Timo Mestaz 0-0: Called Strike
0-1: Foul Ball, location: 3SF
0-2: Ball
1-2: Foul Ball, location: 2F
1-2: Foul Ball, location: 2F
1-2: Fly out, F8 (Flyball, 78M, EV 98.8 MPH)
Batting: SHB Dexter Greer 0-0: Ball
1-0: Ball
2-0: Called Strike
2-1: Ball
3-1: Foul Ball, location: 7LSF
3-2: Strikes out looking
Batting: RHB Trinidad Apodaca 0-0: Called Strike
0-1: Foul Ball, location: 2F
0-2: Ball
1-2: Foul Ball, location: 3SF
1-2: Foul Ball, location: 3SF
1-2: Foul Ball, location: 25F
1-2: Ball
2-2: Strikes out swinging
Top of the 8th over - 0 runs, 0 hits, 0 errors, 0 left on base; San Diego 3 - Toronto 3
BOTTOM OF THE 8TH
Toronto Blue Jays batting - Pitching for San Diego Padres : RHP Ethan Lyon
Batting: RHB Mike Asawawong 0-0: Called Strike
0-1: Foul Ball, location: 2F
0-2: SINGLE (Groundball, 6MD, EV 101.9 MPH)
Batting: LHB Jackson Kilsdonk 0-0: Foul Ball, location: 7LMF
0-1: Foul Ball, location: 2F
0-2: SINGLE (Line Drive, 78S, EV 103.1 MPH)
Mike Asawawong to second
Batting: RHB Jayden Bice 0-0: Ball
1-0: Fly out, F8 (Flyball, 8RM, EV 88.8 MPH)
Batting: RHB Atlas Alvarado 0-0: SINGLE (Flyball, 6MD, EV 96.3 MPH)
Mike Asawawong to third
Jackson Kilsdonk to second
Batting: LHB Gael Villarreal 0-0: Ball
1-0: Grounds into double play, 3-2-3 (Groundball, 3, EV 84.4 MPH)
Bottom of the 8th over - 0 runs, 3 hits, 0 errors, 2 left on base; San Diego 3 - Toronto 3
TOP OF THE 9TH
San Diego Padres batting - Pitching for Toronto Blue Jays : RHP Alfonzo Jiménez
Batting: RHB Donny Nuvolari 0-0: Called Strike
0-1: Called Strike
0-2: Ball
1-2: Ball
2-2: Strikes out swinging
Batting: LHB Flávio Chacon 0-0: Swinging Strike
0-1: Fly out, F8 (Flyball, 8LS, EV 93.1 MPH)
Batting: RHB Carter Harding 0-0: Called Strike
0-1: Ball
1-1: Ball
2-1: Called Strike
2-2: Ball
3-2: Strikes out swinging
Top of the 9th over - 0 runs, 0 hits, 0 errors, 0 left on base; San Diego 3 - Toronto 3
BOTTOM OF THE 9TH
Toronto Blue Jays batting - Pitching for San Diego Padres : RHP Ethan Lyon
Pitching: RHP Jake Laviolette
Batting: RHB Ernie Brox 0-0: Swinging Strike
0-1: Foul Ball, location: 3SF
0-2: Ball
1-2: Ball
2-2: Foul Ball, location: 2F
2-2: Foul Ball, location: 2F
2-2: Foul Ball, location: 2F
2-2: Strikes out looking
Batting: SHB Mendy Pérez 0-0: Called Strike
0-1: Ball
1-1: DOUBLE (Line Drive, 9LM, EV 109.4 MPH)
Pinch Hitting: SHB Austin Branson 0-0: Ground out 6-3 (Groundball, 6M, EV 80.0 MPH)
Batting: LHB Connor Thomas 0-0: Intentional Walk
Batting: RHB Mike Asawawong 0-0: Ball
1-0: Foul Ball, location: 5F
1-1: Ball
2-1: Foul Ball, location: 7LDF
2-2: Fly out, F9 (Flyball, 89S, EV 93.1 MPH)
Bottom of the 9th over - 0 runs, 1 hit, 0 errors, 2 left on base; San Diego 3 - Toronto 3
TOP OF THE 10TH
San Diego Padres batting - Pitching for Toronto Blue Jays : RHP Alfonzo Jiménez
Pitching: LHP Brent Brown
Now at SS: Nolan Reid
Batting: RHB Silvio Sevilla 0-0: Called Strike
0-1: Ball
1-1: Ball
2-1: Ball
3-1: Called Strike
3-2: Strikes out swinging
Batting: RHB Des Galindo 0-0: Ball
1-0: Foul Ball, location: 2F
1-1: DOUBLE (Line Drive, 9LS, EV 96.9 MPH)
Batting: LHB Lester Flores 0-0: Called Strike
0-1: Called Strike
0-2: Strikes out looking
Batting: RHB Timo Mestaz 0-0: Ball
1-0: Ball
2-0: Called Strike
2-1: Fly out, F5 (Popup, 6S, EV 76.9 MPH)
Top of the 10th over - 0 runs, 1 hit, 0 errors, 1 left on base; San Diego 3 - Toronto 3
BOTTOM OF THE 10TH
Toronto Blue Jays batting - Pitching for San Diego Padres : RHP Jake Laviolette
Batting: LHB Jackson Kilsdonk 0-0: Ball
1-0: Ball
2-0: Foul Ball, location: 2F
2-1: Called Strike
2-2: Ball
3-2: Base on Balls
Batting: RHB Jayden Bice 0-0: Called Strike
0-1: Swinging Strike
0-2: Ball
1-2: Foul Ball, location: 9LSF
1-2: Ball
2-2: Foul Ball, location: 3FF
2-2: Strikes out swinging
Batting: RHB Atlas Alvarado 0-0: Ball
1-0: Called Strike
1-1: Ball
2-1: SINGLE (Groundball, 13S, EV 62.5 MPH) (infield hit)
Jackson Kilsdonk to second
Batting: LHB Gael Villarreal 0-0: Called Strike
0-1: Called Strike
0-2: Fielders Choice at 2nd, 4-6 (Groundball, 4, EV 85.0 MPH)
Jackson Kilsdonk to third
Batting: RHB Ernie Brox 0-0: Foul Ball, location: 23FF
0-1: Ball
1-1: Ball
2-1: Swinging Strike
2-2: Foul Ball, location: 5SF
2-2: Foul Ball, location: 7LSF
2-2: Foul Ball, location: 25F
2-2: Strikes out swinging
Bottom of the 10th over - 0 runs, 1 hit, 0 errors, 2 left on base; San Diego 3 - Toronto 3
TOP OF THE 11TH
San Diego Padres batting - Pitching for Toronto Blue Jays : LHP Brent Brown
Batting: SHB Dexter Greer 0-0: Ball
1-0: Foul Ball, location: 9LSF
1-1: Swinging Strike
1-2: Ball
2-2: Foul Ball, location: 2F
2-2: Strikes out swinging
Batting: RHB Trinidad Apodaca 0-0: Foul Ball, location: 9LSF
0-1: Ball
1-1: Called Strike
1-2: Foul Ball, location: 2F
1-2: Ground out 6-3 (Groundball, 6, EV 92.5 MPH)
Batting: RHB Donny Nuvolari 0-0: Ball
1-0: Called Strike
1-1: Ball
2-1: Foul Ball, location: 2F
2-2: SINGLE (Groundball, 4D, EV 108.1 MPH)
Pinch Hitting: RHB Jaden Bouchard 0-0: Called Strike
0-1: Ball
1-1: Called Strike
1-2: Strikes out swinging
Top of the 11th over - 0 runs, 1 hit, 0 errors, 1 left on base; San Diego 3 - Toronto 3
BOTTOM OF THE 11TH
Toronto Blue Jays batting - Pitching for San Diego Padres : RHP Jake Laviolette
Pitching: RHP Ivan Wolverton
Now at C: Josiah Henderson
Batting: SHB Mendy Pérez 0-0: Ball
1-0: Called Strike
1-1: Foul Ball, location: 2F
1-2: Foul Ball, location: 2F
1-2: Ball
2-2: Foul Ball, location: 3F
2-2: Foul Ball, location: 7LMF
2-2: Ground out U3 (Groundball, 34, EV 101.3 MPH)
Batting: RHB Nolan Reid 0-0: Called Strike
0-1: Ball
1-1: Swinging Strike
1-2: Ball
2-2: SINGLE (Groundball, 2L, EV 63.8 MPH) (infield hit)
Batting: LHB Connor Thomas 0-0: Ball
1-0: Grounds into double play, 4-6-3 (Groundball, 4, EV 98.1 MPH)
Bottom of the 11th over - 0 runs, 1 hit, 0 errors, 0 left on base; San Diego 3 - Toronto 3
TOP OF THE 12TH
San Diego Padres batting - Pitching for Toronto Blue Jays : LHP Brent Brown
Pitching: RHP Homer Covarrubias
Batting: RHB Carter Harding 0-0: Fly out, F8 (Flyball, 8LXD, EV 108.1 MPH)
Batting: RHB Silvio Sevilla 0-0: Ball
1-0: Called Strike
1-1: Ball
2-1: Ball
3-1: SINGLE (Groundball, 6MD, EV 108.8 MPH)
Batting: RHB Des Galindo 0-0: Ball
1-0: Ball
Silvio Sevilla steals 2nd base
2-0: Ball
3-0: Called Strike
3-1: Foul Ball, location: 2F
3-2: SINGLE (Line Drive, 9S, EV 108.1 MPH)
Silvio Sevilla to third
Batting: LHB Lester Flores 0-0: Called Strike
Des Galindo steals 2nd base (no throw)
0-1: Ball
1-1: Intentional Walk
Batting: RHB Timo Mestaz 0-0: Called Strike
0-1: Foul Ball, location: 2F
0-2: Ball
1-2: Fly out, F7 (Flyball, 78M, EV 91.9 MPH)
Runner from 3rd tags up, SCORES, throw by LF
Des Galindo to third
Batting: SHB Dexter Greer 0-0: Ground out 5-3 (Groundball, 25, EV 83.1 MPH)
Top of the 12th over - 1 run, 2 hits, 0 errors, 2 left on base; San Diego 4 - Toronto 3
BOTTOM OF THE 12TH
Toronto Blue Jays batting - Pitching for San Diego Padres : RHP Ivan Wolverton
Batting: RHB Mike Asawawong 0-0: Ball
1-0: Reached on error, E6 (Groundball, 56, EV 87.5 MPH)
Batting: LHB Jackson Kilsdonk 0-0: Ball
1-0: Called Strike
1-1: Foul Ball, location: 7LDF
1-2: Strikes out swinging
Batting: RHB Jayden Bice 0-0: Swinging Strike
0-1: Ball
1-1: Swinging Strike
1-2: Ball
2-2: Grounds into double play, 4-6-3 (Groundball, 4, EV 104.4 MPH)
Bottom of the 12th over - 0 runs, 0 hits, 1 error, 0 left on base; San Diego 4 - Toronto 3
Sunday, April 28th , 2024 - OOTP Baseball 24.11 Build 85